[Event "January 9 Late 2024"]
[Site "https://www.chess.com"]
[Date "2024.01.09"]
[Round "5"]
[White "Petre, Nad-Titus"]
[Black "Chirilov, James A"]
[Result "0-1"]
[Board "86"]
[TimeControl "180+1"]
[WhiteFideId "1204165"]
[BlackFideId "30976677"]
[WhiteElo "2505"]
[BlackElo "2734"]
[WhiteTeam "ROU"]
[BlackTeam "USA"]
[WhiteClock "0:00:37"]
[BlackClock "0:00:43"]

1. Nf3 Nf6 2. c4 g6 3. b3 Bg7 4. Bb2 O-O 5. e3 d6 6. d4 Nbd7 7. Nc3 e5 8. Be2 Re8 9. Qc2 e4 10. Nd2 Qe7 11. g4 h6 12. h4 g5 13. hxg5 hxg5 14. O-O-O Nf8 15. Kb1 Ng6 16. Rh5 Nxh5 17. gxh5 Nh4 18. Nd5 Qd8 19. Nxe4 Rxe4 20. Bd3 Re8 21. Rg1 c6 22. Nc3 d5 23. f4 g4 24. f5 Qg5 25. Bc1 Qxh5 26. cxd5 Nf3 27. Rf1 Bd7 28. dxc6 Bxc6 29. d5 Bd7 30. e4 Rac8 31. Bb2 Qh2 32. Rf2 Qg1+ 33. Rf1 Qe3 34. Bc4 Nd2+ 0-1

[Event "January 9 Late 2024"]
[Site "https://www.chess.com"]
[Date "2024.01.09"]
[Round "5"]
[White "Koellner, Ruben Gideon"]
[Black "Novikova, Galina"]
[Result "0-1"]
[Board "87"]
[TimeControl "180+1"]
[WhiteFideId "12993093"]
[BlackFideId "4157095"]
[WhiteElo "2734"]
[BlackElo "2504"]
[WhiteTeam "GER"]
[BlackTeam "RUS"]
[WhiteClock "0:00:14"]
[BlackClock "0:00:24"]

1. d4 e5 2. dxe5 d6 3. Nf3 Nc6 4. Bf4 Bg4 5. exd6 Qf6 6. Qc1 Bxd6 7. Bxd6 Qxd6 8. Qd2 Qxd2+ 9. Nbxd2 Nb4 10. Kd1 O-O-O 11. c3 Nc6 12. Kc2 Nf6 13. e3 Bf5+ 14. Kc1 Ng4 15. Bc4 Nxf2 16. Rf1 Nd3+ 17. Bxd3 Bxd3 18. Re1 f6 19. b3 Rhe8 20. Kb2 Be4 21. Nxe4 Rxe4 22. Re2 Rde8 23. Rae1 Ne5 24. Nxe5 R8xe5 25. Kc2 c5 26. Kd3 f5 27. Rf1 g6 28. Rf3 b5 29. Re1 Kc7 30. Ke2 a5 31. Kf2 Rd5 32. Ke2 c4 33. Rd1 Rde5 34. Rd4 cxb3 35. axb3 b4 36. Rxe4 Rxe4 37. Kd3 bxc3 38. Kxc3 Kc6 39. Kd3 Kc5 40. Rf1 Kb4 41. Ra1 Re7 42. Ra4+ Kb5 43. Rd4 Rc7 44. h3 Re7 45. g3 Rc7 46. h4 Re7 47. Rd5+ Kb4 48. Kd4 Ra7 49. Rd8 Kxb3 50. Rb8+ Kc2 51. Rc8+ Kb2 52. Rb8+ Kc2 53. Rc8+ Kd2 54. Rb8 a4 55. Rb2+ Kc1 56. Ra2 a3 57. Kc3 Kb1 58. Kb3 Rb7+ 59. Kxa3 Ra7+ 60. Kb3 Rxa2 61. Kc3 Rg2 62. e4 fxe4 63. Kd4 Rxg3 64. Kxe4 Rg4+ 65. Ke5 Rxh4 66. Kf6 Rb4 67. Kg7 g5 68. Kh6 g4 69. Kg7 g3 70. Kh6 g2 71. Kg7 h5 72. Kh6 h4 73. Kg6 h3 74. Kh5 h2 75. Kg5 g1=Q+ 76. Kf5 Qf2+ 77. Ke6 Re4+ 78. Kd5 Qd4+ 79. Kc6 Re6+ 80. Kb7 Qd7+ 81. Ka8 Re8# 0-1

[Event "January 9 Late 2024"]
[Site "https://www.chess.com"]
[Date "2024.01.09"]
[Round "5"]
[White "Kosteniuk, Alexandra"]
[Black "Mizzi, Jack"]
[Result "1-0"]
[Board "88"]
[TimeControl "180+1"]
[WhiteFideId "4128125"]
[BlackFideId "5602521"]
[WhiteElo "2728"]
[BlackElo "2502"]
[WhiteTeam "SUI"]
[BlackTeam "MLT"]
[WhiteClock "0:01:38"]
[BlackClock "0:00:01"]

1. e4 c6 2. Nc3 d5 3. Nf3 dxe4 4. Nxe4 Bg4 5. h3 Bxf3 6. Qxf3 Nf6 7. Nxf6+ exf6 8. Be2 Bd6 9. d4 O-O 10. O-O Nd7 11. Rd1 Re8 12. c4 Nf8 13. Rb1 Ng6 14. g3 Bc7 15. Bf1 Qd6 16. c5 Qd7 17. b4 a6 18. a4 Rad8 19. Be3 f5 20. Bg5 f6 21. Bc4+ Kh8 22. Be3 f4 23. gxf4 Nh4 24. Qg4 Qxg4+ 25. hxg4 Rd7 26. d5 cxd5 27. Rxd5 Red8 28. Rbd1 Rxd5 29. Rxd5 Kg8 30. Rxd8# 1-0

[Event "January 9 Late 2024"]
[Site "https://www.chess.com"]
[Date "2024.01.09"]
[Round "5"]
[White "Gryshko, Vitalii"]
[Black "Khatoev, Eduard"]
[Result "0-1"]
[Board "89"]
[TimeControl "180+1"]
[WhiteFideId "14174286"]
[BlackFideId "24145076"]
[WhiteElo "2501"]
[BlackElo "2708"]
[WhiteTeam "UKR"]
[BlackTeam "RUS"]
[WhiteClock "0:00:13"]
[BlackClock "0:01:28"]

1. c4 d5 2. cxd5 Qxd5 3. Nc3 Qa5 4. g3 Nf6 5. Bg2 Nc6 6. Nf3 Bf5 7. O-O e5 8. Ng5 Bg6 9. Qb3 Qb6 10. Qxb6 axb6 11. d3 h6 12. Nge4 Nxe4 13. Nxe4 Nd4 14. Nc3 c6 15. Rd1 b5 16. e3 Nb3 17. Rb1 Nc5 18. b4 Nxd3 19. Be4 Bxe4 20. Nxe4 Nxb4 21. Bb2 Nxa2 22. Bxe5 f6 23. Bd6 Bxd6 24. Nxd6+ Ke7 25. Ra1 Nc3 26. Nf5+ Kf7 27. Rxa8 Rxa8 28. Rd3 b4 29. Nd6+ Kg6 30. h4 c5 31. g4 b5 32. h5+ Kh7 33. Nf5 b3 34. Rd7 b2 35. Rxg7+ Kh8 36. Rg6 b1=Q+ 37. Kh2 Ne4 38. Rxh6+ Kg8 39. Rg6+ Kf7 40. Rg7+ Kf8 41. Re7 0-1

[Event "January 9 Late 2024"]
[Site "https://www.chess.com"]
[Date "2024.01.09"]
[Round "5"]
[White "Niekras, Dawid"]
[Black "Santos Flores, Alberto"]
[Result "0-1"]
[Board "90"]
[TimeControl "180+1"]
[WhiteFideId "1160451"]
[BlackFideId "3601234"]
[WhiteElo "2700"]
[BlackElo "2501"]
[WhiteTeam "POL"]
[BlackTeam "ECU"]
[WhiteClock "0:00:00"]
[BlackClock "0:00:14"]

1. e4 e6 2. d4 d5 3. e5 c5 4. c3 Qb6 5. Nf3 Nc6 6. Bd3 cxd4 7. O-O Bd7 8. Re1 Nge7 9. h4 Rc8 10. Nbd2 h5 11. Nb3 Nf5 12. Bxf5 exf5 13. Nbxd4 Nxd4 14. Nxd4 Be7 15. Bg5 Bxg5 16. hxg5 Be6 17. g6 fxg6 18. Qd2 Kf7 19. Rad1 Rcd8 20. Nf3 h4 21. Ng5+ Kg8 22. Qd4 Qxd4 23. cxd4 Bd7 24. e6 Bc6 25. Nf7 Re8 26. Nxh8 Kxh8 27. f4 Kg8 28. Re3 Kf8 29. Rde1 Ke7 30. Kh2 Rh8 31. Kh3 Rh5 32. b3 g5 33. fxg5 Rxg5 34. Rd1 Rg4 35. Re5 g6 36. Kh2 Rf4 37. Rd3 Rg4 38. a4 Re4 39. Kh3 Rxe5 40. dxe5 Kxe6 41. Kxh4 Kxe5 42. Kg5 Ke4 43. Rd1 d4 44. Re1+ Kd3 45. Kf4 Kd2 46. Re6 Bxg2 47. Kg3 Be4 48. Rd6 d3 49. Kf2 g5 50. Rd4 g4 51. Rd8 Kc2 52. Rc8+ Bc6 53. a5 d2 0-1

[Event "January 9 Late 2024"]
[Site "https://www.chess.com"]
[Date "2024.01.09"]
[Round "5"]
[White "Martinez Ramirez, Lennis"]
[Black "Pourkashiyan, Atousa"]
[Result "1-0"]
[Board "91"]
[TimeControl "180+1"]
[WhiteFideId "3509079"]
[BlackFideId "12502014"]
[WhiteElo "2693"]
[BlackElo "2497"]
[WhiteTeam "CUB"]
[BlackTeam "USA"]
[WhiteClock "0:00:49"]
[BlackClock "0:00:10"]

1. Nf3 d5 2. c4 e6 3. g3 Nf6 4. Bg2 Be7 5. O-O O-O 6. Qc2 c5 7. cxd5 exd5 8. d4 c4 9. b3 cxb3 10. axb3 Nc6 11. Nc3 Bg4 12. Rd1 Rc8 13. Qb2 Ne4 14. Be3 Nxc3 15. Qxc3 Nb4 16. Qd2 Rc2 17. Qe1 Qb6 18. h3 Bh5 19. g4 Bg6 20. Ne5 Rfc8 21. Rac1 Qb5 22. Rxc2 Rxc2 23. Rc1 h6 24. Nxg6 fxg6 25. Rxc2 Nxc2 26. Qc3 Nxe3 27. Qxe3 Qd7 28. Qe5 Kh7 29. e3 Bd6 30. Qxd5 Qc7 31. Qxb7 Qc1+ 32. Bf1 a5 33. Qa6 Bb4 34. Qc4 Qe1 35. Kg2 h5 36. gxh5 gxh5 37. Bd3+ Kh6 38. Qe6+ 1-0

[Event "January 9 Late 2024"]
[Site "https://www.chess.com"]
[Date "2024.01.09"]
[Round "5"]
[White "Manolache, Marius"]
[Black "Goncalves, Davi Sulzbacher"]
[Result "1-0"]
[Board "92"]
[TimeControl "180+1"]
[WhiteFideId "1201530"]
[BlackFideId "2154510"]
[WhiteElo "2690"]
[BlackElo "2496"]
[WhiteTeam "ROU"]
[BlackTeam "BRA"]
[WhiteClock "0:01:30"]
[BlackClock "0:00:01"]

1. d4 Nf6 2. Nf3 g6 3. Nc3 d5 4. Bf4 Bg7 5. e3 O-O 6. h4 Bg4 7. Be2 c5 8. Ne5 Bxe2 9. Qxe2 cxd4 10. exd4 Nc6 11. Nxc6 bxc6 12. Be5 Qb6 13. Rb1 c5 14. dxc5 Qxc5 15. Rd1 Rfd8 16. Bd4 Qb4 17. O-O e6 18. a3 Qe7 19. Rfe1 Nh5 20. Bxg7 Kxg7 21. Nxd5 Qxh4 22. Qe5+ Kg8 23. g3 Qg4 24. Ne7+ Kf8 25. Nc6 f6 26. Qc5+ Kg8 27. Rxd8+ Rxd8 28. Nxd8 Nxg3 29. fxg3 Qxg3+ 30. Kf1 Qh3+ 31. Ke2 Qg4+ 32. Kd2 Qg5+ 33. Qxg5 1-0

[Event "January 9 Late 2024"]
[Site "https://www.chess.com"]
[Date "2024.01.10"]
[Round "5"]
[White "Dyachuk, Artem"]
[Black "Saha, Ananda"]
[Result "0-1"]
[Board "93"]
[TimeControl "180+1"]
[WhiteFideId "34107924"]
[BlackFideId "2619644"]
[WhiteElo "2688"]
[BlackElo "2495"]
[WhiteTeam "UKR"]
[BlackTeam "CAN"]
[WhiteClock "0:00:09"]
[BlackClock "0:00:02"]

1. e4 e6 2. d4 d5 3. Nc3 Nf6 4. e5 Nfd7 5. Nce2 c5 6. c3 Nc6 7. Nf3 a5 8. Nf4 cxd4 9. cxd4 Nb6 10. Bd3 Bd7 11. h4 h6 12. Kf1 Qc7 13. Rh3 Nb4 14. Be2 a4 15. Bd2 a3 16. Rc1 Bc6 17. bxa3 Rxa3 18. Kg1 Qd7 19. Rb1 Ba4 20. Qe1 Nc2 21. Qc1 Nc4 22. Bxc4 dxc4 23. d5 exd5 24. e6 fxe6 25. Ng6 Rg8 26. Nfe5 Qc7 27. Ba5 Qxa5 28. Qf4 Qc7 29. Qg4 Bd7 30. Qh5 Kd8 31. Nxf8 Rxf8 32. Nf7+ Kc8 33. Qg6 Rxh3 34. gxh3 Nd4 35. Qxg7 Qc5 36. Kh1 Nf3 37. Nxh6 Qxf2 38. Qxf8+ Kc7 39. Ng4 Qg3 40. Qc5+ Kd8 41. Rxb7 Qxh3+ 42. Nh2 Qxh2# 0-1

[Event "January 9 Late 2024"]
[Site "https://www.chess.com"]
[Date "2024.01.09"]
[Round "5"]
[White "Martins, Vinicius Tine"]
[Black "Lund, Gunnar"]
[Result "1-0"]
[Board "94"]
[TimeControl "180+1"]
[WhiteFideId "2112884"]
[BlackFideId "1520814"]
[WhiteElo "2492"]
[BlackElo "2668"]
[WhiteTeam "BRA"]
[BlackTeam "NOR"]
[WhiteClock "0:00:12"]
[BlackClock "0:00:22"]

1. d4 d5 2. Nf3 Nf6 3. Bf4 c5 4. e3 Nc6 5. Nbd2 e6 6. c3 cxd4 7. exd4 Nh5 8. Bg3 Nxg3 9. hxg3 Bd6 10. Bd3 h6 11. g4 Bd7 12. g5 Qc7 13. gxh6 Rxh6 14. Rxh6 gxh6 15. Qe2 O-O-O 16. O-O-O Kb8 17. Kb1 Rg8 18. g3 Na5 19. Rh1 Bf8 20. Ne5 Be8 21. Qe3 Nc6 22. Ndf3 Bg7 23. Nxc6+ Bxc6 24. Rh4 Rc8 25. Rg4 Bf8 26. Rg8 Bd6 27. Rxc8+ Qxc8 28. Qxh6 b5 29. a3 a5 30. Qf6 Be8 31. Ne5 Qc7 32. g4 b4 33. axb4 axb4 34. Kc2 Qa5 35. Kd2 Qa2 36. Qd8+ Ka7 37. Qxd6 Qxb2+ 38. Ke3 Qxc3 39. Qe7+ Kb6 40. Qxe8 b3 41. Qb8+ Ka5 42. Qa7+ Kb4 43. Qb7+ Ka3 44. Kf3 f6 45. Qe7+ Kb2 46. Qxf6 Kc1 47. Qf4+ Kd1 48. Qe3 b2 49. Qe2+ Kc1 50. g5 Qc8 51. g6 Qf8+ 52. Kg2 b1=Q 53. Qe1+ Kb2 54. Qxb1+ Kc3 55. Qc2+ Kxd4 56. Nf3+ Qxf3+ 57. Kxf3 e5 58. Qb2+ Kxd3 59. Qxe5 d4 60. g7 Kc2 61. Qxd4 Kb1 62. Qc3 Ka2 63. Qb4 Ka1 64. g8=R Ka2 65. Ra8# 1-0

[Event "January 9 Late 2024"]
[Site "https://www.chess.com"]
[Date "2024.01.09"]
[Round "5"]
[White "Lopusiewicz, Piotr"]
[Black "Djokic, Mihailo"]
[Result "1-0"]
[Board "95"]
[TimeControl "180+1"]
[WhiteFideId "1116029"]
[BlackFideId "976440"]
[WhiteElo "2491"]
[BlackElo "2664"]
[WhiteTeam "POL"]
[BlackTeam "SRB"]
[WhiteClock "0:00:05"]
[BlackClock "0:00:07"]

1. d4 Nf6 2. c4 e6 3. Nf3 b6 4. g3 Bb7 5. Bg2 Be7 6. O-O O-O 7. Re1 Ne4 8. Nfd2 d5 9. cxd5 exd5 10. Nxe4 dxe4 11. Nc3 f5 12. Qb3+ Kh8 13. Bf4 Nc6 14. d5 Na5 15. Qc2 a6 16. f3 exf3 17. Bxf3 Bf6 18. Rad1 Nc4 19. e4 Qe7 20. d6 cxd6 21. exf5 Bd4+ 22. Kf1 Be3 23. Nd5 Bxd5 24. Bxd5 Rac8 25. Bxc4 Qb7 26. Rxe3 Qh1+ 27. Ke2 Qxh2+ 28. Kd3 Qh5 29. Kd2 b5 30. Rf1 Rxc4 31. Qd3 Rxf5 32. Qxf5 Rd4+ 33. Kc1 Rc4+ 34. Kd2 Rd4+ 35. Kc3 g5 36. Qf6+ Kg8 37. Qxd4 gxf4 38. Rxf4 b4+ 39. Kb3 Qc5 40. Qxc5 1-0

[Event "January 9 Late 2024"]
[Site "https://www.chess.com"]
[Date "2024.01.09"]
[Round "5"]
[White "Martinez Pla, Xavier"]
[Black "Ozates, Tuna"]
[Result "1-0"]
[Board "96"]
[TimeControl "180+1"]
[WhiteFideId "32074271"]
[BlackFideId "6354521"]
[WhiteElo "2489"]
[BlackElo "2662"]
[WhiteTeam "ESP"]
[BlackTeam "TUR"]
[WhiteClock "0:00:05"]
[BlackClock "0:00:09"]

1. e4 e5 2. Nf3 Nc6 3. d4 exd4 4. Nxd4 Nf6 5. Nxc6 bxc6 6. Qe2 a5 7. Nc3 Bc5 8. e5 Nd5 9. Nxd5 cxd5 10. Qg4 Kf8 11. Be2 Ba6 12. O-O h5 13. Qf3 Bxe2 14. Qxe2 c6 15. Bf4 h4 16. h3 g5 17. Be3 d4 18. Bd2 Qe7 19. Rae1 Rg8 20. Kh1 Qe6 21. f4 g4 22. f5 Qd5 23. hxg4 h3 24. Qf3 hxg2+ 25. Qxg2 Rxg4 26. Qxd5 cxd5 27. Rf4 Rg8 28. f6 Re8 29. Bxa5 Rg5 30. Bc7 d6 31. Ref1 Rexe5 32. Rh4 Rh5 33. Rxh5 Rxh5+ 34. Kg2 Ke8 35. Ba5 Kd7 36. Bd2 Re5 37. Re1 Ke6 38. b4 Bb6 39. a4 Kxf6 40. a5 Bc7 41. b5 d3 42. cxd3 d4 43. Rxe5 dxe5 44. a6 Bb6 45. Ba5 e4 46. Bxb6 exd3 47. Bxd4+ Ke6 48. Be3 Kd5 49. a7 Ke4 50. Bd2 1-0

[Event "January 9 Late 2024"]
[Site "https://www.chess.com"]
[Date "2024.01.09"]
[Round "5"]
[White "Munoz, Francisco Javier"]
[Black "Hungaski, Robert"]
[Result "0-1"]
[Board "97"]
[TimeControl "180+1"]
[WhiteFideId "128368"]
[BlackFideId "2021030"]
[WhiteElo "2654"]
[BlackElo "2483"]
[WhiteTeam "ARG"]
[BlackTeam "USA"]
[WhiteClock "0:00:00"]
[BlackClock "0:00:08"]

1. e4 e5 2. Nc3 Nf6 3. Nf3 Nc6 4. Bb5 Bb4 5. d3 d6 6. O-O O-O 7. Ne2 Ne7 8. c3 Ba5 9. Ng3 Ng6 10. Re1 h6 11. h3 c6 12. Ba4 Bc7 13. d4 a5 14. Bc2 b5 15. Be3 a4 16. Qd2 Kh7 17. Nf5 Bxf5 18. exf5 Ne7 19. g4 e4 20. Nh2 d5 21. Bf4 Qb8 22. Bxc7 Qxc7 23. f3 Qg3+ 24. Qg2 Qf4 25. fxe4 dxe4 26. Bxe4 Ned5 27. Qf3 Qg5 28. Bd3 Rae8 29. Re5 a3 30. bxa3 Qd2 31. Rd1 Qxc3 32. Bb1 Rxe5 33. dxe5 Qxe5 34. Qf2 Nf4 35. Qf3 Ra8 36. h4 Kg8 37. g5 hxg5 38. hxg5 N6d5 39. Ng4 Qe7 40. f6 Qc5+ 41. Kh1 Rxa3 42. Bd3 Qc2 43. Bxc2 Rxf3 44. Bf5 g6 45. Bc8 Rh3+ 46. Kg1 Ra3 47. Re1 Kf8 48. Ne5 Re3 49. Rxe3 Nxe3 50. Nxc6 Nh3+ 51. Kh2 Nxg5 52. Nb8 b4 53. Nd7+ Ke8 54. Ne5 Nd5 55. Bd7+ Kf8 56. Ba4 Nxf6 57. Bb3 Nfe4 58. Nc6 Nf3+ 59. Kg2 Ne1+ 60. Kf1 Nd3 61. Kg1 Nec5 62. Bc4 Kg7 63. Nd4 f5 64. Kf1 Kf6 65. Ke2 Nc1+ 66. Kd1 Ke5 67. Nc6+ Kd6 68. Nxb4 Nxa2 69. Nxa2 Ke5 70. Bf7 g5 71. Nb4 g4 72. Be8 f4 73. Bc6 Kd4 74. Ke1 Ke3 75. Nd5+ Ke4 76. Nf6+ Kf5 77. Nd7 Nb3 78. Kf1 Nd4 79. Bd5 f3 80. Kf2 Kf4 81. Nc5 g3+ 82. Ke1 g2 83. Nd3+ Ke3 0-1

[Event "January 9 Late 2024"]
[Site "https://www.chess.com"]
[Date "2024.01.09"]
[Round "5"]
[White "Hua, Lefong"]
[Black "Pesotskiy, Mikhail"]
[Result "0-1"]
[Board "98"]
[TimeControl "180+1"]
[WhiteFideId "2602253"]
[BlackFideId "34164453"]
[WhiteElo "2654"]
[BlackElo "2482"]
[WhiteTeam "CAN"]
[BlackTeam "RUS"]
[WhiteClock "0:00:02"]
[BlackClock "0:00:07"]

1. d4 Nf6 2. c4 e6 3. Nc3 Bb4 4. f3 c5 5. a3 Ba5 6. d5 O-O 7. e4 Re8 8. Ne2 d6 9. Nf4 a6 10. Bd3 b5 11. O-O bxc4 12. Bxc4 e5 13. Nfe2 Nbd7 14. Rb1 Rb8 15. Be3 Nb6 16. Ba2 Bxc3 17. bxc3 Bd7 18. Bb3 Qc7 19. c4 Rb7 20. Bg5 Nh5 21. g4 h6 22. Be3 Nf6 23. Ng3 Reb8 24. Qd3 Nc8 25. Nf5 Qa5 26. Bc2 Rxb1 27. Rxb1 Rxb1+ 28. Bxb1 Qe1+ 29. Kg2 Bxf5 30. gxf5 Nb6 31. Bc2 Nxc4 32. Bf2 Qd2 33. Qxc4 Nh5 34. Kf1 Nf4 35. Qb3 Qe2+ 36. Kg1 Nh3+ 37. Kg2 Nxf2 38. Qb8+ Kh7 39. Ba4 Nxe4+ 40. Kh3 Qxf3+ 41. Kh4 Qf4+ 42. Kh3 Qg5 43. Qb2 h5 44. Qe2 Nf2+ 45. Qxf2 Qg4# 0-1

[Event "January 9 Late 2024"]
[Site "https://www.chess.com"]
[Date "2024.01.09"]
[Round "5"]
[White "Yang, Kevin"]
[Black "Ladan, Nicholas"]
[Result "0-1"]
[Board "99"]
[TimeControl "180+1"]
[WhiteFideId "30908485"]
[BlackFideId "30918855"]
[WhiteElo "2620"]
[BlackElo "2481"]
[WhiteTeam "USA"]
[BlackTeam "USA"]
[WhiteClock "0:00:05"]
[BlackClock "0:00:24"]

1. d4 d5 2. Nf3 Bg4 3. Nbd2 Nd7 4. c4 e6 5. h3 Bh5 6. e4 dxe4 7. Nxe4 Ngf6 8. Ng3 Bb4+ 9. Bd2 Bxf3 10. gxf3 Qe7 11. a3 Bxd2+ 12. Qxd2 O-O-O 13. f4 Nc5 14. Qe3 Na4 15. b3 Nb6 16. Bg2 h5 17. O-O h4 18. Ne2 Rhg8 19. a4 a5 20. Kh1 Qb4 21. Qf3 c6 22. f5 Rge8 23. fxe6 Rxe6 24. Nf4 Re7 25. Nd3 Qc3 26. d5 cxd5 27. cxd5 Kb8 28. d6 Rxd6 29. Rad1 Red7 30. Qf4 Ka7 31. Qe5 Qxe5 32. Nxe5 Rxd1 33. Nxd7 Rxd7 34. Rc1 Nfd5 35. Rc5 Nf4 36. Rxa5+ Kb8 37. Rb5 Nxg2 38. Kxg2 Nd5 39. a5 Ka7 40. Rc5 Ka6 41. Kf3 f5 42. Rc4 g5 43. Rc5 b6 44. axb6 Kxb6 45. Rc4 Kb5 46. Rd4 Kc5 47. Rd3 Re7 48. Rd1 Re4 49. Rc1+ Kd4 50. Rc8 Rf4+ 51. Kg2 Nc3 52. Rc4+ Kd3 53. Rxf4 gxf4 54. Kf3 Nd5 55. b4 Kc4 56. b5 Kxb5 57. Kg2 Kc4 58. Kh2 Kd4 59. Kg2 Ke4 60. Kg1 Kf3 61. Kf1 Nf6 62. Kg1 Ne4 63. Kh2 Nxf2 64. Kg1 Nxh3+ 65. Kh2 Ng5 66. Kg1 Kg3 67. Kh1 h3 68. Kg1 f3 69. Kh1 Ne4 0-1

[Event "January 9 Late 2024"]
[Site "https://www.chess.com"]
[Date "2024.01.09"]
[Round "5"]
[White "Kozin, Yuri"]
[Black "Suich, Peter D"]
[Result "0-1"]
[Board "100"]
[TimeControl "180+1"]
[WhiteFideId "4129920"]
[BlackFideId "2050366"]
[WhiteElo "2619"]
[BlackElo "2479"]
[WhiteTeam "RUS"]
[BlackTeam "USA"]
[WhiteClock "0:00:00"]
[BlackClock "0:00:05"]

1. e4 c5 2. Nf3 e6 3. d4 cxd4 4. Nxd4 a6 5. Nc3 Qc7 6. Be3 Bb4 7. Bd2 Nf6 8. Bd3 Bc5 9. Nb3 Be7 10. f4 d6 11. Qf3 b5 12. a3 Bb7 13. O-O-O Nbd7 14. g4 Nc5 15. g5 Nfd7 16. Kb1 O-O 17. Nd4 Nb6 18. f5 e5 19. Nde2 Rfd8 20. f6 Bf8 21. h4 d5 22. h5 dxe4 23. Bxe4 Nxe4 24. Nxe4 Rac8 25. N2c3 Na4 26. g6 Nxc3+ 27. Bxc3 fxg6 28. hxg6 Rxd1+ 29. Rxd1 hxg6 30. Rh1 Qc4 31. f7+ Qxf7 32. Rh8+ Kxh8 33. Qxf7 Bxe4 34. Qe6 Bf5 35. Qxe5 Kh7 36. Qh2+ Kg8 37. Qe2 Kf7 38. Qe5 Kg8 39. Qd5+ Kh7 40. Qh1+ Kg8 41. Qb7 Re8 42. Qxa6 Bd7 0-1

[Event "January 9 Late 2024"]
[Site "https://www.chess.com"]
[Date "2024.01.09"]
[Round "5"]
[White "Al-Tarboush, Ward"]
[Black "Czerw, Dawid"]
[Result "1-0"]
[Board "101"]
[TimeControl "180+1"]
[WhiteFideId "7601450"]
[BlackFideId "1145746"]
[WhiteElo "2618"]
[BlackElo "2478"]
[WhiteTeam "NOR"]
[BlackTeam "POL"]
[WhiteClock "0:01:07"]
[BlackClock "0:00:00"]

1. e4 c5 2. Nf3 Nc6 3. d4 cxd4 4. Nxd4 Nf6 5. Nc3 e5 6. Ndb5 d6 7. Bg5 a6 8. Na3 b5 9. Nd5 Be7 10. Bxf6 Bxf6 11. c3 O-O 12. Nc2 Be6 13. a4 Bxd5 14. exd5 Ne7 15. axb5 axb5 16. Rxa8 Qxa8 17. Nb4 Qb7 18. Be2 Bg5 19. O-O f5 20. Qd3 Rb8 21. f3 Qb6+ 22. Kh1 Be3 23. Ra1 Bc5 24. g3 Bxb4 25. cxb4 Qd4 26. Qxd4 exd4 27. Rd1 Rc8 28. Rxd4 Rc2 29. Bxb5 Rxb2 30. Bc6 g5 31. b5 Kf7 32. Ra4 Kf6 33. Ra6 Ng6 34. b6 Ne5 35. Kg1 Nxf3+ 36. Kf1 Ke5 37. b7 Ke4 38. Ra8 Rb1+ 39. Ke2 Rb2+ 40. Kd1 1-0

[Event "January 9 Late 2024"]
[Site "https://www.chess.com"]
[Date "2024.01.09"]
[Round "5"]
[White "Fiedorek, Michal"]
[Black "Bjelobrk, Igor"]
[Result "1-0"]
[Board "102"]
[TimeControl "180+1"]
[WhiteFideId "1199528"]
[BlackFideId "4300726"]
[WhiteElo "2470"]
[BlackElo "2616"]
[WhiteTeam "POL"]
[BlackTeam "AUS"]
[WhiteClock "0:01:27"]
[BlackClock "0:00:57"]

1. e4 e6 2. d4 d5 3. e5 c5 4. c3 Nc6 5. Nf3 Qb6 6. Bd3 cxd4 7. O-O Bd7 8. Nbd2 Nge7 9. Nb3 dxc3 10. bxc3 Ng6 11. Re1 Be7 12. Rb1 Qc7 13. Qe2 O-O 14. Nbd4 Na5 15. h4 Nxh4 16. Nxh4 Bxh4 17. Qh5 Bxf2+ 18. Kxf2 g6 19. Qh6 Qxc3 20. Rh1 Qxd4+ 21. Be3 Qxe5 22. Qxh7# 1-0

[Event "January 9 Late 2024"]
[Site "https://www.chess.com"]
[Date "2024.01.09"]
[Round "5"]
[White "Korchynskyi, Mykola"]
[Black "Nikologorsky, Matfei"]
[Result "1-0"]
[Board "103"]
[TimeControl "180+1"]
[WhiteFideId "34138005"]
[BlackFideId "24102474"]
[WhiteElo "2616"]
[BlackElo "2470"]
[WhiteTeam "UKR"]
[BlackTeam "FID"]
[WhiteClock "0:00:07"]
[BlackClock "0:00:02"]

1. d4 Nf6 2. c4 e6 3. Nc3 Bb4 4. Qc2 d5 5. cxd5 exd5 6. Bg5 h6 7. Bh4 O-O 8. e3 c6 9. Nf3 Re8 10. Bd3 Nbd7 11. O-O Be7 12. Rab1 Nh5 13. Bxe7 Qxe7 14. b4 a6 15. a4 b5 16. Ne2 Bb7 17. a5 Rad8 18. Nc1 Qd6 19. Nb3 Nhf6 20. Rfc1 Re7 21. Qd1 Rde8 22. Nc5 Nxc5 23. Rxc5 Nd7 24. Rc2 g6 25. Qd2 Kg7 26. Rbc1 f5 27. h3 Re6 28. Nh4 Rf8 29. Nf3 Rc8 30. g3 Nf6 31. Ne5 Rxe5 32. dxe5 Qxe5 33. Rc5 Ne4 34. Bxe4 fxe4 35. Qe2 Qf6 36. Qg4 Rf8 37. R1c2 Bc8 38. Qe2 Bd7 39. h4 Re8 40. Qd2 Re6 41. Rc1 Rd6 42. Rd1 Bg4 43. Rdc1 Bf3 44. Qc3 d4 45. exd4 Kf7 46. Rxc6 Rxc6 47. Qxc6 Qxc6 48. Rxc6 e3 49. Rc5 e2 50. Re5 Kf6 51. Re3 Bg4 52. f3 Be6 53. Rxe2 Bc4 54. Re5 g5 55. hxg5+ hxg5 56. Kf2 Kg6 57. f4 gxf4 58. gxf4 Kf6 59. Ke3 Kf7 60. d5 Kf6 61. Kd4 Kf7 62. Kc5 Kf6 63. Kb6 1-0

[Event "January 9 Late 2024"]
[Site "https://www.chess.com"]
[Date "2024.01.09"]
[Round "5"]
[White "Onufrienko, Vladislav"]
[Black "Peczely, Sebastian Zsombor"]
[Result "0-1"]
[Board "104"]
[TimeControl "180+1"]
[WhiteFideId "13804332"]
[BlackFideId "750964"]
[WhiteElo "2611"]
[BlackElo "2469"]
[WhiteTeam "KGZ"]
[BlackTeam "HUN"]
[WhiteClock "0:00:12"]
[BlackClock "0:00:07"]

1. e4 c5 2. Nc3 d6 3. d4 cxd4 4. Qxd4 Nc6 5. Qd2 g6 6. b3 Bh6 7. f4 e5 8. g3 exf4 9. gxf4 Qh4+ 10. Qf2 Qxf2+ 11. Kxf2 Be6 12. Bd3 Nb4 13. Nb5 Bg7 14. Rb1 Kd7 15. Be3 a6 16. Nd4 Nxa2 17. Nge2 Nb4 18. Nc3 Rc8 19. Na4 Kc7 20. Nb6 Re8 21. Be2 Nc6 22. Nxc6 Kxc6 23. Bf3 Kc7 24. c4 Ne7 25. Rhd1 Nc8 26. Nd5+ Bxd5 27. exd5 f5 28. b4 b6 29. c5 bxc5 30. bxc5 Rxe3 31. cxd6+ Nxd6 32. Kxe3 Re8+ 33. Kf2 Nb5 34. d6+ Kd7 35. Rbc1 Bd4+ 36. Kg3 Kxd6 37. Bc6 Re3+ 38. Kg2 Re2+ 39. Kf3 Re3+ 40. Kg2 Re2+ 41. Kf1 Rf2+ 42. Ke1 Rxf4 43. Ke2 Ke5 44. Bf3 Nc3+ 45. Rxc3 Bxc3 46. Rd5+ Kf6 47. Rc5 Bd4 48. Rc6+ Kg5 49. Rxa6 h5 50. Bc6 Rh4 51. Be8 Rxh2+ 52. Kd3 Bf6 53. Ke3 Rh3+ 54. Kf2 Rc3 55. Kg2 h4 56. Ra4 h3+ 57. Kh2 Be5+ 58. Kg1 Rc2 59. Bc6 h2+ 60. Kh1 Rc1+ 61. Kg2 h1=Q+ 62. Kf2 Qg1+ 0-1

[Event "January 9 Late 2024"]
[Site "https://www.chess.com"]
[Date "2024.01.09"]
[Round "5"]
[White "Zhu, Jiner"]
[Black "Bochnicka, Vladimir"]
[Result "1-0"]
[Board "105"]
[TimeControl "180+1"]
[WhiteFideId "8608059"]
[BlackFideId "14943450"]
[WhiteElo "2610"]
[BlackElo "2464"]
[WhiteTeam "CHN"]
[BlackTeam "SVK"]
[WhiteClock "0:00:08"]
[BlackClock "0:00:00"]

1. c4 e5 2. Nc3 Nf6 3. Nf3 Nc6 4. g3 d6 5. Bg2 g6 6. O-O Bg7 7. e3 O-O 8. d4 Re8 9. d5 Ne7 10. e4 Nd7 11. Be3 Rf8 12. Rc1 f5 13. Ng5 Nb6 14. c5 dxc5 15. Bxc5 Bf6 16. Ne6 Bxe6 17. dxe6 c6 18. exf5 gxf5 19. Qe2 e4 20. Qe3 Nbd5 21. Nxd5 Nxd5 22. Qb3 Qc8 23. Bxf8 Kxf8 24. Bh3 Qxe6 25. Qxb7 Rc8 26. Rfd1 Rc7 27. Qb8+ Rc8 28. Qxa7 e3 29. fxe3 Nxe3 30. Re1 Re8 31. Qc5+ Kg8 32. Qxc6 Qf7 33. Kh1 Bd4 34. Rcd1 Bxb2 35. Rd2 Bg7 36. Rd3 Bh6 37. Bg2 Qg6 38. Bd5+ 1-0